 Dungeon Crawl Stone Soup version 0.20-a0-263-g81abdfb (webtiles) character file.

56 Coron the Sneak (level 3, -3/28 HPs)
             Began as a Deep Dwarf Enchanter on Dec 5, 2016.
             Slain by a gnoll
             ... wielding a +0 whip
              (5 damage)
             ... on level 2 of the Dungeon.
             The game lasted 00:07:48 (1790 turns).

Coron the Sneak (Deep Dwarf Enchanter)              Turns: 1790, Time: 00:07:49

Health: -3/28      AC:  4    Str: 12    XL:     3   Next: 69%
Magic:  1/6        EV: 12    Int: 15    God:
Gold:   137        SH:  0    Dex: 13    Spells: 3/6 levels left

rFire  . . .     SeeInvis .     a - +1 dagger
rCold  . . .     Gourm    .     b - +1 robe
rNeg   . . .     Faith    .     (no shield)
rPois  .         Spirit   .     e - +0 helmet
rElec  .         Reflect  .     (no cloak)
rCorr  .         Harm     .     (no gloves)
MR     .....                    (no boots)
Stlth  +++.......               (no amulet)
                                (no ring)
                                (no ring)

@: very slightly contaminated, non-regenerating
A: damage resistance, recharge devices, sense surroundings 1, slow regeneration
3
a: Device Recharging


You were on level 2 of the Dungeon.
You were hungry.

You visited 1 branch of the dungeon, and saw 3 of its levels.

You collected 137 gold pieces.

Inventory:

Hand Weapons
 a - a +1 dagger (weapon)
 u - a +0 trident
Missiles
 j - 32 stones (quivered)
Armour
 b - a +1 robe (worn)
 e - a +0 helmet (worn)
 m - a +0 ring mail
Jewellery
 v - a cursed amulet of inaccuracy {unknown}
Wands
 d - a wand of heal wounds (7/9)
Scrolls
 g - a scroll of magic mapping {unknown}
 h - a scroll of identify {unknown}
 i - a scroll of recharging
 p - a scroll of remove curse
 r - a scroll of enchant weapon {unknown}
 s - a scroll of fear {unknown}
Potions
 t - a potion of agility {unknown}
Books
 c - a book of Maledictions

   Spells                             Type                      Level
   a - Corona                         Hexes                        1
   b - Ensorcelled Hibernation        Hexes/Ice                    2
   c - Confuse                        Hexes                        3
   d - Tukima's Dance                 Hexes                        3
   e - Dazzling Spray                 Conjuration/Hexes            3
Comestibles
 f - 3 bread rations
 k - a chunk of flesh
 l - 2 slices of pizza
 n - a meat ration
 o - a beef jerky
 q - 4 fruits


   Skills:
 - Level 1.0 Short Blades
 - Level 2.1 Dodging
 - Level 4.3 Stealth
 - Level 2.2 Spellcasting
 + Level 3.2 Hexes


You had 3 spell levels left.
You knew the following spells:

 Your Spells              Type           Power        Failure   Level  Hunger
a - Corona                Hex            ##.....      8%          1    #......
b - Ensorcelled Hibernat  Hex/Ice        #.....       17%         2    ###....


Dungeon Overview and Level Annotations

Branches:
Dungeon (3/15)

Altars:
Elyvilon
Okawaru


Innate Abilities, Weirdness & Mutations

You are resistant to damage.
You can recharge devices by infusing magical energy.
You passively map a small area around you.
You do not regenerate.


Message History

The gnoll is severely wounded.
The gnoll hits you with a whip.
You barely miss the gnoll.
The gnoll is severely wounded.
The gnoll hits you with a whip.
You hit the gnoll but do no damage.
The gnoll is severely wounded.
The gnoll hits you with a whip!
* * * LOW HITPOINT WARNING * * *
You barely miss the gnoll.
The gnoll is severely wounded.
The gnoll barely misses you.
You barely miss the gnoll.
The gnoll is severely wounded.
The gnoll hits you with a whip!
* * * LOW HITPOINT WARNING * * *
You hit the gnoll but do no damage.
The gnoll is severely wounded.
The gnoll hits you with a whip.
You die...

#######.......##.#.# #.#
#............# #.#
#........#.### #.#
#........#.# #.#
#..........# #.#
#.......#..# #.# #
#######.#..# #.# #
#######.##g#####.##########
#
#.......##@...............#
#
#.......########.########.#
# #.............##.# ####.#
# #.###.........##.# #....#
# #.###.........##.#
###.#### #
#.#...........##.# #...# #
#.#.##........##.###.###
#.#..+........##.....#
#.####........##.#####


You could see a gnoll.

Vanquished Creatures
  An adder (D:2)
  A worm (D:2)
  2 leopard geckos (D:1)
  3 bats
  3 giant cockroaches (D:1)
  A goblin (D:1)
  6 hobgoblins
  10 kobolds
  A ball python (D:2)
  3 frilled lizards
  10 rats
41 creatures vanquished.

Notes
Turn   | Place    | Note
-------+----------+-------------------------------------------
     0 | D:1      | Coron the Deep Dwarf Enchanter began the quest for the Orb.
     0 | D:1      | Reached XP level 1. HP: 15/15 MP: 3/3
    54 | D:1      | Reached skill level 1 in Short Blades
   286 | D:1      | Reached XP level 2. HP: 7/22 MP: 5/5
   412 | D:1      | Learned a level 2 spell: Ensorcelled Hibernation
   596 | D:1      | Reached skill level 4 in Stealth
   728 | D:1      | Reached XP level 3. HP: 28/28 MP: 6/6
  1777 | D:3      | Found a white marble altar of Elyvilon.
  1777 | D:3      | Found an iron altar of Okawaru.
  1790 | D:2      | Slain by a gnoll

Vault maps used:
D:1:      lemuel_arrival_river_ford, grunt_decor_one_mirror,
          minmay_rat_gold_closets
D:2:      first_bread
D:3:      grunt_temple_overflow_open

Skill      XL: |  1  2  3 |
---------------+----------+-----
Short Blades   | 1 |  1.0
Spellcasting   | 2 |  2.2
Stealth        | 4 |  4.3
Hexes          | 3 |  3.2
Dodging        | |  2.1

Action                   || total
-------------------------++-------
Melee: Dagger            ||   160
       Trident           ||    15
Throw: Stone             ||     1
 Cast: Corona            ||    10
       Ensorcelled Hiber ||     6
Evoke: Wand              ||     1
  Use: Scroll            ||     2
 Stab: Sleeping          ||    17
  Eat: Chunk             ||     3
Armor: Robe              ||    27
Dodge: Dodged            ||   104
